 Dungeon Crawl Stone Soup version 0.20.1-1-g8b1a95d (webtiles) character file.

96 letownia2 the Grave Robber (level 4, -1/36 HPs)
             Began as a Deep Dwarf Necromancer on Dec 9, 2017.
             Slain by a centaur skeleton (4 damage)
             ... on level 4 of the Dungeon.
             The game lasted 00:05:29 (1330 turns).

letownia2 the Grave Robber (Deep Dwarf Necromancer) Turns: 1330, Time: 00:05:30

Health: -1/36      AC:  3    Str: 11    XL:     4   Next: 41%
Magic:  8/8        EV: 12    Int: 17    God:
Gold:   89         SH:  0    Dex: 13    Spells: 4/8 levels left

rFire    . . .     SeeInvis .   a - +0 dagger (venom)
rCold    . . .     Gourm    .   (no shield)
rNeg     . . .     Faith    .   e - +0 leather armour
rPois    .         Spirit   .   (no helmet)
rElec    .         Reflect  .   (no cloak)
rCorr    .         Harm     .   (no gloves)
MR       .....                  (no boots)
Stlth    ++........             (no amulet)
Regen    0.0/turn               (no ring)
MPRegen  0.2/turn               (no ring)

@: non-regenerating
A: damage resistance, heal wounds, sense surroundings 1, no regeneration
a: Heal Wounds


You were on level 4 of the Dungeon.
You were not hungry.

You visited 1 branch of the dungeon, and saw 4 of its levels.

You collected 89 gold pieces.

Inventory:

Hand Weapons
 a - a +0 dagger of venom (weapon)
 c - a +0 blowgun
 j - a +0 hunting sling
 t - a +0 dagger
Missiles
 g - 33 bolts
 p - 14 poisoned needles
Armour
 e - a +0 leather armour (worn)
 n - a +0 robe
 q - a +0 ring mail
Scrolls
 m - 2 scrolls of enchant weapon {unknown}
 r - a scroll of amnesia {unknown}
Potions
 d - a potion of cancellation {unknown}
 f - 2 potions of mutation {unknown}
 h - a potion of degeneration {unknown}
 l - a potion of heal wounds {unknown}
 s - a potion of curing {unknown}
Books
 b - a book of Necromancy

   Spells                             Type                      Level
   a - Pain                           Necromancy                   1
   b - Animate Skeleton               Necromancy                   1
   c - Vampiric Draining              Necromancy                   3
   d - Regeneration                   Charms/Necromancy            3
   e - Animate Dead                   Necromancy                   4
   f - Control Undead                 Necromancy                   4
Comestibles
 i - a royal jelly
 k - a meat ration
 o - 2 bread rations


   Skills:
 - Level 2.1 Dodging
 - Level 2.4 Stealth
 + Level 2.9 Spellcasting
 + Level 5.6 Necromancy


You had 4 spell levels left.
You knew the following spells:

 Your Spells              Type           Power        Failure   Level  Hunger
a - Pain                  Necr           ###.         2%          1    None
v - Vampiric Draining     Necr           ###.......   7%          3    ###....


Dungeon Overview and Level Annotations

Branches:
Dungeon (4/15)
 Temple: D:4-7

Altars:


Innate Abilities, Weirdness & Mutations

You are resistant to damage.
You can heal yourself by infusing magical energy.
You passively map a small area around you.
You do not regenerate.


Message History

You are feeling very hungry.
Eat a chunk of flesh? (ye/n/q)
You eat the chunk of flesh.
This raw flesh tastes terrible.
Things that are here:
a club; a leather armour There isn't anything to butcher here.
You start resting.
Unknown command.
Things that are here:
a dagger; an orc skeleton A centaur skeleton comes into view.
Things that are here:
a dagger; an orc skeleton
Things that are here:
a club; a leather armour The centaur skeleton misses you.
The centaur skeleton hits you.
* * * LOW HITPOINT WARNING * * *
The centaur skeleton hits you.
You die...

........#...o........#
........#.##########.#
........#.# #.#
........#.######## #o#
.............Z..># #.#
........#.######)# #.#
.......>#.# #)# #.#
........#.######.# #.#
* ,..........Z@)<##.#
#.# ........#.######.#
#.# ........#.######.#
#.# ........#........#
#.# ,
.################# #.#
, #)# #.# , #####.#
###### #.o[).#


You could see a centaur skeleton.

Vanquished Creatures
  2 orc wizards (D:4)
  An adder (D:3)
  A worm (D:4)
  4 orcs (D:4)
  2 bats (D:3)
  A giant cockroach (D:3)
  3 goblins
  3 hobgoblins
  3 kobolds (D:3)
  A frilled lizard (D:3)
  3 rats (D:3)
24 creatures vanquished.

Notes
Turn   | Place    | Note
-------+----------+-------------------------------------------
     0 | D:1      | letownia2 the Deep Dwarf Necromancer began the quest for the Orb.
     0 | D:1      | Reached XP level 1. HP: 15/15 MP: 3/3
   479 | D:3      | Reached XP level 2. HP: 22/22 MP: 0/5
   859 | D:3      | Reached skill level 5 in Necromancy
  1046 | D:4      | Reached XP level 3. HP: 11/28 MP: 1/6
  1077 | D:4      | Learned a level 3 spell: Vampiric Draining
  1210 | D:4      | Reached XP level 4. HP: 4/36 MP: 0/8
  1330 | D:4      | Slain by a centaur skeleton

Skill      XL: |  1  2 |
---------------+-------+-----
Spellcasting   | 2 |  2.9
Necromancy     | 5 |  5.6
Dodging        | |  2.1
Stealth        | |  2.4

Action                   |  1- 3 |  4- 6 || total
-------------------------+-------+-------++-------
Melee: Unarmed           |     5 |       ||     5
       Dagger            |    14 |     4 ||    18
 Fire: Blowgun           |     9 |       ||     9
 Cast: Pain              |    38 |       ||    38
       Vampiric Draining |     3 |     2 ||     5
  Eat: Chunk             |       |     2 ||     2
Armor: Leather armour    |    17 |       ||    17
Dodge: Dodged            |    33 |     5 ||    38
